 Dungeon Crawl Stone Soup version 0.29.1-1-gd02db6906a (webtiles) character file.

Game seed: 14914261278615849747

355 Icepheonix32 the Trooper (level 6, -2/56 HPs)
             Began as a Minotaur Fighter on Sept 19, 2022.
             Splashed by a jelly's acid (7 damage)
             ... on level 6 of the Dungeon.
             The game lasted 00:04:29 (3539 turns).

Icepheonix32 the Trooper (Minotaur Fighter)         Turns: 3539, Time: 00:04:31

Health: -2/56      AC: -4    Str: 26 (29) XL:     6   Next: 36%
Magic:  5/5        EV: 14    Int:  4 (5)  God:
Gold:   181        SH:  4    Dex:  7 (9)  Spells: 5/5 levels left

rFire   . . .      SeeInvis .   x - +2 short sword (holy)
rCold   . . .      Faith    .   c - +0 buckler
rNeg    . . .      Spirit   .   b - +0 scale mail
rPois   .          Reflect  .   (helmet restricted)
rElec   .          Harm     .   (no cloak)
rCorr   .          Rampage  .   (no gloves)
Will    .....                   (no boots)
Stlth   ..........              (no amulet)
HPRegen 0.18/turn               o - +6 ring of strength
MPRegen 0.09/turn               D - +4 ring of evasion

@: corroded
A: horns 2, retaliatory headbutt
a: no special abilities


You were on level 6 of the Dungeon.
You visited 1 branch of the dungeon, and saw 6 of its levels.

You collected 181 gold pieces.

Inventory:

Hand Weapons
 a - a +0 war axe
 x - a +2 short sword of holy wrath (weapon)
Missiles
 g - 2 throwing nets (quivered)
 h - 6 boomerangs
Armour
 b - a +0 scale mail (worn)
 c - a +0 buckler (worn)
 u - a +0 chain mail
Jewellery
 o - a +6 ring of strength (left hand)
 y - an amulet of magic regeneration
 D - a +4 ring of evasion (right hand)
 E - a +4 ring of evasion
 H - a +6 ring of dexterity
Wands
 m - a wand of iceblast (8)
 G - a wand of flame (13)
Scrolls
 e - 2 scrolls of vulnerability {unknown}
 f - 5 scrolls of identify {unknown}
 i - 2 scrolls of enchant weapon {unknown}
 k - a scroll of blinking {unknown}
 l - 3 scrolls of noise {unknown}
 p - a scroll of teleportation {unknown}
 z - a scroll of enchant armour {unknown}
 B - 3 scrolls of fear {unknown}
 F - a scroll of amnesia {unknown}
Potions
 d - a potion of might
 j - 2 potions of lignification {unknown}
 n - 3 potions of curing
 q - a potion of magic {unknown}
 r - a potion of invisibility {unknown}
 s - 2 potions of ambrosia {unknown}
 t - 2 potions of haste {unknown}
 v - a potion of attraction {unknown}
 w - a potion of resistance {unknown}
 A - a potion of mutation {unknown}
 C - a potion of berserk rage {unknown}


   Skills:
 * Level 5.4 Fighting
 + Level 1.5 Short Blades
 - Level 4.5 Axes
 + Level 5.1 Armour
 + Level 1.3 Dodging
 + Level 4.6 Shields


You had 5 spell levels left.
You didn't know any spells.
Your spell library contained the following spells:

 Spells                   Type           Power      Damage    Failure   Level
 Ensorcelled Hibernation  Hex/Ice        0%         N/A       94%         2
 Spider Form              Tmut/Pois      0%         N/A       99%         3
 Anguish                  Hex/Necr       0%         N/A       100%        4


Dungeon Overview and Level Annotations

Branches:
Dungeon (6/15)
 Temple: D:4-7

Altars:
Ru

Shops:
D:1 [

Annotations:
D:5 Pikel


Innate Abilities, Weirdness & Mutations

You have a pair of horns on your head.
You reflexively headbutt those who attack you in melee.


Message History

There is an escape hatch in the floor here.
You see here 4 poisoned darts.
There is a stone staircase leading down, spattered with blood here.
You climb downwards.
Level annotation: Pikel
There is a stone staircase leading up here.
The lemure shouts!
You hear a shout! x2
There are monsters nearby!
The jelly quivers.
Found 13 gold pieces and a scroll labelled ORULLY GUICK.
Found a stone staircase leading down.
The lemure hits you!
You barely miss the lemure. Your headbutt misses the lemure.
The lemure hits you but does no damage.
You hit the jelly.
Your hands burn!
The jelly is lightly wounded.
The lemure misses you. You furiously retaliate!
You headbutt the lemure. The jelly hits you. The acid corrodes you!
You are splashed with acid!
The lemure attacks as you move away! The lemure hits you!
There is a stone staircase leading down here.
The jelly hits you.
You are splashed with acid!
* * * LOW HITPOINT WARNING * * *
You climb downwards.
Found 4 boomerangs and an amethyst potion.
There is a stone staircase leading up here.
You are too injured to fight recklessly!
You are too injured to fight recklessly!
You are too injured to fight recklessly!
The jelly attacks as you move away! The jelly hits you.
* * * LOW HITPOINT WARNING * * *
The acid corrodes you!
You are splashed with acid!
* * * LOW HITPOINT WARNING * * *
You feel better. The jelly barely misses you.
You hit the jelly.
Your hands burn!
* * * LOW HITPOINT WARNING * * *
The jelly is moderately wounded.
The jelly hits you.
* * * LOW HITPOINT WARNING * * *
The acid corrodes you!
You are splashed with acid!
You die...

....
####... ..
..#....
..# .....
....
#...##....
#.......
#.(..#
#.J..#
#!@..#
#....#
#....#
######


You could see a jelly.

Vanquished Creatures
  A black bear (D:4)
  A gnoll bouda (D:4)
  2 orc priests (D:3)
  6 adders
  3 gnolls
  2 dart slugs
  2 orcs (D:3)
  5 ball pythons
  9 bats
  13 endoplasms
  5 giant cockroaches
  5 goblins
  5 hobgoblins
  5 jackals (D:2)
  8 kobolds
  3 quokkas (D:4)
  A frilled lizard (D:1)
  9 rats
85 creatures vanquished.

Notes
Turn   | Place    | Note
-------+----------+-------------------------------------------
     0 | D:1      | Icepheonix32 the Minotaur Fighter began the quest for the
                  | Orb.
     0 | D:1      | Reached XP level 1. HP: 19/19 MP: 0/0
    68 | D:1      | Found Engot's Antique Armour Shop.
   161 | D:1      | Reached XP level 2. HP: 25/27 MP: 1/1
   565 | D:1      | Reached XP level 3. HP: 32/33 MP: 2/2
  1048 | D:2      | Found a sacrificial altar of Ru.
  1104 | D:2      | Found a faded altar of an unknown god.
  1269 | D:2      | Reached XP level 4. HP: 40/41 MP: 3/3
  1823 | D:3      | Reached XP level 5. HP: 40/47 MP: 4/4
  2791 | D:4      | Reached skill level 5 in Fighting
  2852 | D:5      | Entered Level 5 of the Dungeon
  2853 | D:5      | Noticed a black bear
  2882 | D:4      | Reached skill level 1 in Dodging
  3270 | D:5      | Noticed Pikel
  3270 | D:5      | Noticed a lemure
  3270 | D:5      | Noticed a lemure
  3271 | D:5      | Noticed a lemure
  3272 | D:5      | Noticed a lemure
  3273 | D:5      | Noticed an ogre
  3336 | D:5      | Reached XP level 6. HP: 47/56 MP: 5/5
  3342 | D:4      | Reached skill level 1 in Short Blades
  3342 | D:4      | Reached skill level 5 in Armour
  3537 | D:6      | HP: 2/56 [acid (7)]
  3539 | D:6      | Splashed by a jelly's acid

Illustrated notes

Levels and vault maps discovered:
D:1:      lemuel_arrival_lava_pool, layout_basic, serial_shops,
          nicolae_shop_crystal
D:2:      layout_loops_cross, basic_altar, shapermc_ecumenical_altar_venn,
          st_stairs_8
D:3:      layout_loops_ring, minmay_misc_feat_chi, minmay_cut_off
D:4:      layout_basic
D:5:      layout_rooms, chequers_arboretum, minivault_27, minmay_curled_crystal,
          uniq_crazy_yiuf_cottage, uniq_pikel
D:6:      layout_rooms, minmay_temple_entry_large_hall,
          minmay_manual_monstrance, uniq_duvessa

Skill      XL: |  1  2  3  4  5  6 |
---------------+-------------------+-----
Fighting       | 4 5 |  5.4
Shields        | 4 |  4.6
Axes           | 3 4 |  4.5
Armour         | 4 5 |  5.1
Dodging        | 1 |  1.3
Short Blades   | 1 |  1.5

Action                   |  1- 3 |  4- 6 || total
-------------------------+-------+-------++-------
Melee: War axe           |    67 |    47 ||   114
       Headbutt          |     6 |    21 ||    27
       Short sword       |       |    73 ||    73
  Use: Potion            |       |     3 ||     3
Armor: Scale mail        |    41 |    49 ||    90
Dodge: Dodged            |    29 |    66 ||    95
Block: Buckler           |    20 |    32 ||    52
